 Dungeon Crawl Stone Soup version 0.30.1-11-g7821555f0a (webtiles) character file.

Game seed: 2152904940478249144

325 Unglued128 the Grave Robber (level 6, -9/44 HPs)
             Began as a Gnoll Necromancer on Nov 18, 2023.
             Mangled by a black bear (10 damage)
             ... on level 4 of the Dungeon.
             The game lasted 00:17:43 (3466 turns).

Unglued128 the Grave Robber (Gnoll Necromancer)     Turns: 3466, Time: 00:17:44

Health: -9/44      AC:  4    Str:  7    XL:     6   Next: 48%
Magic:  14/14      EV: 13    Int: 16    God:
Gold:   222        SH:  0    Dex: 13    Spells: 14/15 levels left

rFire   . . .        h - +1 dagger (vamp)
rCold   . . .        (no shield)
rNeg    . . .        a - +0 robe
rPois   .            (no helmet)
rElec   .            g - +0 cloak
rCorr   .            f - +0 pair of gloves
SInv    .            (no boots)
Will    .....        (no amulet)
Stlth   +++          (no ring)
HPRegen 0.27/turn    (no ring)
MPRegen 0.14/turn

%: no passive effects
@: no status effects
A: fangs 1, strong nose, distributed training
a: no special abilities


You were on level 4 of the Dungeon.
You visited 1 branch of the dungeon, and saw 4 of its levels.

You collected 222 gold pieces.

Inventory:

Hand Weapons
 h - a +1 vampiric dagger (weapon)
Missiles
 j - 5 poisoned darts (quivered)
Armour
 a - a +0 robe (worn)
 f - a +0 pair of gloves (worn)
 g - a +0 cloak (worn)
Wands
 o - a wand of roots (4)
Scrolls
 c - a scroll of blinking
 k - a scroll of fog
 l - 2 scrolls of amnesia
Potions
 b - a potion of magic
 d - a potion of lignification
 e - a potion of berserk rage
 i - a potion of attraction {unknown}
 m - 2 potions of brilliance
 n - 2 potions of curing


   Skills:
 + Level 2.1 Fighting
 + Level 2.1 Short Blades
 + Level 2.1 Long Blades
 + Level 2.1 Axes
 + Level 2.1 Maces & Flails
 + Level 2.1 Polearms
 + Level 2.1 Staves
 + Level 2.1 Ranged Weapons
 + Level 2.1 Throwing
 + Level 2.1 Armour
 + Level 5.0 Dodging
 + Level 4.6 Stealth
 + Level 2.1 Shields
 + Level 2.1 Unarmed Combat
 + Level 5.4 Spellcasting
 + Level 1.6 Conjurations
 + Level 1.6 Hexes
 + Level 1.6 Summonings
 + Level 7.3 Necromancy
 + Level 1.6 Translocations
 + Level 1.6 Transmutations
 + Level 1.6 Fire Magic
 + Level 1.6 Ice Magic
 + Level 1.6 Air Magic
 + Level 1.6 Earth Magic
 + Level 1.6 Poison Magic
 + Level 2.3 Invocations
 + Level 2.1 Evocations


You had 14 spell levels left.
You knew the following spells:

 Your Spells              Type           Power      Damage    Failure   Level
a - Necrotise             Necr           100%       1d9       1%          1

Your spell library contained the following spells:

 Spells                   Type           Power      Damage    Failure   Level
 Vampiric Draining        Necr           27%        2d7       2%          3
 Animate Dead             Necr           27%        N/A       7%          4
 Sandblast                Erth           18%        2d7       8%          1
 Passwall                 Tmut/Erth      7%         N/A       11%         2
 Agony                    Necr           27%        N/A       21%         5
 Stone Arrow              Conj/Erth      18%        3d8       22%         3


Dungeon Overview and Level Annotations

Branches:
Dungeon (4/15)
 Temple: D:4-7

Altars:


Innate Abilities, Weirdness & Mutations

You have very sharp teeth.
Your uncanny sense of smell can sniff out nearby items.
Your experience applies equally to all skills.


Message History

You hit the black bear.
The black bear is severely wounded.
The black bear misses you. The black bear closely misses you. x2
You barely miss the black bear.
The black bear is severely wounded.
The black bear bites you. The black bear misses you.
The black bear closely misses you.
You hit the black bear but do no damage.
The black bear is severely wounded.
The black bear barely misses you. The black bear completely misses you.
The black bear claws you but does no damage.
You hit the black bear.
The black bear is severely wounded.
The black bear bites you. The black bear claws you. x2
You closely miss the black bear.
You bite the black bear, but do no damage.
The black bear is severely wounded.
The black bear barely misses you.
The black bear claws you but does no damage. x2
You hit the black bear.
You feel better.
Your bite misses the black bear.
The black bear is severely wounded.
The black bear goes berserk!
You hit the black bear.
The black bear is severely wounded.
The black bear bites you. The black bear misses you. The black bear claws you.
You hit the black bear.
The black bear is severely wounded.
The black bear bites you!
* * * LOW HITPOINT WARNING * * *
The black bear misses you.
The black bear claws you but does no damage.
You barely miss the black bear.
You bite the black bear, but do no damage.
The black bear is severely wounded.
The black bear bites you!
* * * LOW HITPOINT WARNING * * *
The black bear misses you.
The black bear claws you but does no damage.
The black bear bites you!
You die...

..................###.##
..#######.###.#######.#
.## #.# #.........# ##
#.# ########### #.# #.#
#.# #.# ############ #.#
#...@h.....# .
##.###.####..##.#
....#...##.# #..##.#
............# #....h#
.....#...#### #.##..#
.....##.## #.##..# ####
#.# #.##..# #.# #....>#
#+# ####.##


You could see a black bear (berserk).

Vanquished Creatures
  A black bear (D:3)
  A hound (D:4)
  An iguana (D:3)
  3 gnolls (D:3)
  6 adders
  2 worms
  3 dart slugs
  12 orcs
  6 endoplasms
  A giant cockroach (D:1)
  3 goblins
  5 hobgoblins (D:1)
  2 jackals (D:4)
  6 kobolds
  2 quokkas
  6 ball pythons
  7 bats
  2 frilled lizards
  5 rats
74 creatures vanquished.

Vanquished Creatures (collateral kills)
  An endoplasm (D:2)
  A rat (D:3)
2 creatures vanquished.

Grand Total: 76 creatures vanquished

Notes
Turn   | Place    | Note
-------+----------+-------------------------------------------
     0 | D:1      | Unglued128 the Gnoll Necromancer began the quest for the
                  | Orb.
     0 | D:1      | Reached XP level 1. HP: 13/13 MP: 6/6
   329 | D:1      | Reached XP level 2. HP: 19/19 MP: 5/7
   938 | D:2      | Reached skill level 5 in Spellcasting
   938 | D:2      | Reached XP level 3. HP: 25/25 MP: 4/9
  1028 | D:2      | Reached skill level 1 in Invocations
  1196 | D:2      | Reached skill level 1 in Fighting
  1196 | D:2      | Reached skill level 1 in Short Blades
  1196 | D:2      | Reached skill level 1 in Long Blades
  1196 | D:2      | Reached skill level 1 in Axes
  1196 | D:2      | Reached skill level 1 in Maces & Flails
  1196 | D:2      | Reached skill level 1 in Polearms
  1196 | D:2      | Reached skill level 1 in Staves
  1196 | D:2      | Reached skill level 1 in Ranged Weapons
  1196 | D:2      | Reached skill level 1 in Throwing
  1196 | D:2      | Reached skill level 1 in Armour
  1196 | D:2      | Reached skill level 1 in Shields
  1196 | D:2      | Reached skill level 1 in Unarmed Combat
  1196 | D:2      | Reached skill level 1 in Evocations
  1233 | D:2      | Reached XP level 4. HP: 32/32 MP: 9/11
  1554 | D:2      | Reached skill level 1 in Conjurations
  1554 | D:2      | Reached skill level 1 in Hexes
  1554 | D:2      | Reached skill level 1 in Summonings
  1554 | D:2      | Reached skill level 1 in Translocations
  1554 | D:2      | Reached skill level 1 in Transmutations
  1554 | D:2      | Reached skill level 1 in Fire Magic
  1554 | D:2      | Reached skill level 1 in Ice Magic
  1554 | D:2      | Reached skill level 1 in Air Magic
  1554 | D:2      | Reached skill level 1 in Earth Magic
  1554 | D:2      | Reached skill level 1 in Poison Magic
  2157 | D:3      | Identified the +8 rapier "Igudigg" {protect, Str+6}
  2344 | D:3      | Reached XP level 5. HP: 25/37 MP: 6/12
  2368 | D:3      | Noticed a black bear
  2376 | D:3      | Killed a black bear
  2377 | D:3      | Reached XP level 6. HP: 18/44 MP: 3/13
  2754 | D:3      | Reached skill level 5 in Dodging
  2905 | D:3      | Found a faded altar of an unknown god.
  3421 | D:4      | Noticed a black bear
  3466 | D:4      | HP: 1/44 [black bear (8)]
  3466 | D:4      | Mangled by a black bear

Illustrated notes

Levels and vault maps discovered:
D:1:      spicycebolla_arrival_transporter_tutorial, layout_loops_ring
D:2:      layout_loops_ring
D:3:      layout_basic, ebering_ecumenical_altar_box, minmay_quantized
D:4:      layout_loops_corners

Skill      XL: |  1  2  3  4  5  6 |
---------------+-------------------+-----
Spellcasting   | 5 |  5.4
Invocations    | 1 2 |  2.3
Fighting       | 1 2 |  2.1
Short Blades   | 1 2 |  2.1
Long Blades    | 1 2 |  2.1
Axes           | 1 2 |  2.1
Maces & Flails | 1 2 |  2.1
Polearms       | 1 2 |  2.1
Staves         | 1 2 |  2.1
Ranged Weapons | 1 2 |  2.1
Throwing       | 1 2 |  2.1
Armour         | 1 2 |  2.1
Shields        | 1 2 |  2.1
Unarmed Combat | 1 2 |  2.1
Evocations     | 1 2 |  2.1
Conjurations   | 1 |  1.6
Hexes          | 1 |  1.6
Summonings     | 1 |  1.6
Translocations | 1 |  1.6
Transmutations | 1 |  1.6
Fire Magic     | 1 |  1.6
Ice Magic      | 1 |  1.6
Air Magic      | 1 |  1.6
Earth Magic    | 1 |  1.6
Poison Magic   | 1 |  1.6
Dodging        | 5 |  5.0
Stealth        | |  4.6
Necromancy     | |  7.3

Action                     |  1- 3 |  4- 6 || total
---------------------------+-------+-------++-------
  Melee: Dagger            |    26 |    50 ||    76
         Bite              |     3 |    11 ||    14
         Punch             |       |     1 ||     1
   Cast: Necrotise         |    43 |   102 ||   145
    Use: Scroll            |     3 |     8 ||    11
 Armour: Robe              |     6 |    26 ||    32
  Dodge: Dodged            |    19 |    72 ||    91
